 Dungeon Crawl Stone Soup version 0.30-a0-140-gd1020e658a (webtiles) character file.

Game seed: 8467718276662844586

66 lunkers the Cudgeller (level 4, -7/38 HPs)
             Began as a Meteoran Fighter on Sept 25, 2022.
             Mangled by a mummy (14 damage)
             ... in an ossuary.
             The game lasted 00:02:14 (711 turns).

lunkers the Cudgeller (Meteoran Fighter)             Turns: 711, Time: 00:02:14

Health: -7/38      AC:  6    Str: 20    XL:     4   Next: 63%
Magic:  5/5        EV:  9    Int:  9    God:
Gold:   106        SH:  5    Dex: 13    Spells: 3/3 levels left

rFire   . . .      SeeInvis .    j - +3 whip
rCold   . . .      Faith    .    c - +0 buckler
rNeg    . . .      Spirit   .    b - +0 scale mail
rPois   .          Reflect  .    (no helmet)
rElec   .          Harm     .    (no cloak)
rCorr   .          Rampage  .    (no gloves)
Will    .....                    (no boots)
Stlth   ..........               (no amulet)
HPRegen 0.12/turn                (no ring)
MPRegen 0.09/turn                (no ring)

@: mighty, glowing
A: sense surroundings 1, otherworldly, glowing, explore regen
a: no special abilities


You were in an ossuary.
You visited 1 branch of the dungeon, and saw 4 of its levels.
You also visited: Ossuary.

You collected 106 gold pieces.

Inventory:

Hand Weapons
 a - a +0 flail
 j - a +3 whip (weapon)
Missiles
 f - 11 stones (quivered)
Armour
 b - a +0 scale mail (worn)
 c - a +0 buckler (worn)
Scrolls
 i - 2 scrolls of identify {unknown}
 k - a scroll of torment {unknown}
 m - a scroll of butterflies {unknown}
 n - a scroll of enchant weapon {unknown}
Potions
 d - a potion of might
 e - a potion of lignification {unknown}
 g - 3 potions of brilliance {unknown}
 h - a potion of berserk rage {unknown}
 l - 2 potions of mutation {unknown}


   Skills:
 - Level 3.2 Fighting
 * Level 5.7 Maces & Flails
 - Level 3.6 Armour
 - Level 3.6 Shields


You had 3 spell levels left.
You didn't know any spells.
Your spell library was empty.

Dungeon Overview and Level Annotations

Branches:
Dungeon (4/15) Zot: 1725  Ossuary (1/1) Zot: 563
 Temple: D:4-7

Altars:
Yredelemnul
The Shining One


Innate Abilities, Weirdness & Mutations

You passively map a small area around you.
You are easily found by Zot.
You glow in the dark.
You regain HP and MP as you explore.


Message History

You hit the mummy.
The mummy is moderately damaged.
You hit the mummy.
The mummy is heavily damaged.
You hit the mummy but do no damage.
The mummy is heavily damaged.
A hobgoblin zombie comes into view.
The mummy hits you.
You hit the mummy but do no damage.
The mummy is heavily damaged.
The mummy barely misses you.
You hit the mummy.
The mummy is heavily damaged.
The mummy hits you but does no damage.
You barely miss the mummy.
The mummy is heavily damaged.
The mummy hits you.
You closely miss the mummy.
The mummy is heavily damaged.
You block the mummy's attack.
You hit the mummy.
The mummy is severely damaged.
The mummy hits you.
* * * LOW HITPOINT WARNING * * *
You barely miss the mummy.
The mummy is severely damaged.
The mummy barely misses you.
Unknown command.
You hit the mummy.
You destroy the mummy!
Unknown command.
You hit the mummy but do no damage. The mummy hits you!
* * * LOW HITPOINT WARNING * * *
You feel very mighty all of a sudden. The orc zombie hits you.
* * * LOW HITPOINT WARNING * * *
You whack the mummy!
The mummy is moderately damaged.
The orc zombie barely misses you. The mummy hits you!
You die...

, #....# ,
,,,#....#,
,,#....# ,
, , #....#
, , #....#
* ,,
,#....#, ,
* , ,
#Z...# ,,
* , #ZM..#
, #@∩∩.#*
,* ######
**


You could see a mummy, a hobgoblin zombie and an orc zombie.

Vanquished Creatures
  2 mummies
  6 orcs
  A bat (D:3)
  3 endoplasms
  3 giant cockroaches
  A gnoll zombie (Ossuary)
  2 goblins
  2 hobgoblins (D:3)
  A jackal (D:3)
  5 quokkas
  3 ball pythons
  A frilled lizard (D:3)
  A kobold (D:3)
  2 kobold zombies (Ossuary)
  An orc zombie (Ossuary)
34 creatures vanquished.

Notes
Turn   | Place    | Note
-------+----------+-------------------------------------------
     0 | D:1      | lunkers the Meteoran Fighter began the quest for the Orb.
     0 | D:1      | Reached XP level 1. HP: 19/19 MP: 2/2
    83 | D:1      | Reached skill level 3 in Maces & Flails
    85 | D:1      | Reached XP level 2. HP: 26/26 MP: 3/3
   116 | D:2      | You fall into a shaft and drop 1 floor!
   129 | D:3      | Found a glowing golden altar of the Shining One.
   223 | D:3      | Reached skill level 4 in Maces & Flails
   337 | D:3      | Found a faded altar of an unknown god.
   435 | D:3      | Reached XP level 3. HP: 29/31 MP: 4/4
   551 | D:4      | Found a basalt altar of Yredelemnul.
   613 | D:4      | Reached skill level 5 in Maces & Flails
   655 | D:4      | Found a sand-covered staircase.
   664 | D:4      | Reached XP level 4. HP: 15/38 MP: 5/5
   673 | Ossuary  | Entered an ossuary
   711 | Ossuary  | Mangled by a mummy

Illustrated notes

Levels and vault maps discovered:
D:1:      dpeg_arrival_ratfight, layout_loops_corners
D:2:      layout_loops_ring, basic_altar, uniq_crazy_yiuf_cottage, uniq_sigmund
D:3:      layout_rooms, general_overflow_altar,
          shapermc_ecumenical_altar_flowoftime, kennysheep_minor_cross,
          minmay_circle_x
D:4:      minmay_spotlight, layout_gridville, lemuel_doored_altar,
          mainiacjoe_overflow_alcove_4, gup_ossuary_entry_pyramid
Ossuary:  ossuary_tomb_3

Skill      XL: |  1  2  3 |
---------------+----------+-----
Maces & Flails | 3 4 5 |  5.7
Fighting       | |  3.2
Armour         | |  3.6
Shields        | |  3.6

Action                   |  1- 3 |  4- 6 || total
-------------------------+-------+-------++-------
Melee: Flail             |    23 |       ||    23
       Whip              |    46 |    24 ||    70
Throw: Stone             |     3 |     2 ||     5
  Use: Potion            |       |     1 ||     1
Armor: Scale mail        |    24 |     4 ||    28
Dodge: Dodged            |    20 |     5 ||    25
Block: Buckler           |    17 |     2 ||    19

Table legend: (Time is in decaauts)
 A = Elapsed time spent in this place.
 B = Non-inter-level travel time spent in this place.
 C = Inter-level travel time spent in this place.
 D = Time resting spent in this place.
 E = Time spent auto-exploring this place.
 F = Levels seen in this place.
 G = Mean time per level.
                   A        B        C        D        E       F      G
               +--------+--------+--------+--------+--------+-----+--------+
         Total |    709 |    681 |     28 |    106 |    168 |   5 |  141.8 |
       Dungeon |    674 |    646 |     28 |    106 |    168 |   4 |  168.5 |
       Ossuary |     35 |     35 |      0 |      0 |      0 |   1 |   35.0 |
               +--------+--------+--------+--------+--------+-----+--------+

Top non-repeatable levels by time:
     D:3: 402 daAuts
     D:4: 152 daAuts
     D:1: 110 daAuts
 Ossuary: 35 daAuts
     D:2: 9 daAuts
